 Dungeon Crawl Stone Soup version 0.17-a0-1485-g22cb0ee (webtiles) character file.

105 emikaela the Slasher (level 4, -8/29 HPs)
             Began as an Octopode Wanderer on July 5, 2015.
             Was a Follower of Cheibriados.
             Mangled by Eleanoora's ghost (9 damage)
             ... on level 3 of the Dungeon.
             The game lasted 00:07:49 (2444 turns).

emikaela the Slasher (Octopode Wanderer)            Turns: 2444, Time: 00:07:50

Health: -8/29      AC:  1    Str: 14    XL:     4   Next: 83%
Magic:  4/4        EV: 13    Int: 16    God:    Cheibriados [*.....]
Gold:   44         SH:  0    Dex: 13    Spells: 0 memorised, 3 levels left

rFire  + + .     SeeInvis .     a - +2 falchion
rCold  + . .     Clarity  .     (no shield)
rNeg   . . .     SustAt   .     (helmet restricted)
rPois  +         Gourm    .     t - amulet of regeneration
rElec  +         Spirit   .     s - ring of loudness (curse)
rCorr  +         Warding  .     C - ring of protection from fire
rMut   .         Stasis   .     (no ring)
MR     .....                    (no ring)
Stlth  ++........               (no ring)
                                (no ring)
                                (no ring)
                                (no ring)

@: resistant, flying, very slow, not resistant to hostile enchantments,
unstealthy
A: almost no armour, amphibious, 8 rings, constrict 8, camouflage 1, gelatinous
body 1
a: Bend Time, Renounce Religion


You were on level 3 of the Dungeon.
You worshipped Cheibriados.
Cheibriados was aware of your devotion.
You were not hungry.

You visited 1 branch of the dungeon, and saw 3 of its levels.

You collected 44 gold pieces.

Inventory:

Hand weapons
 a - a +2 falchion (weapon)
 b - a +0 spear
 q - a +1 dagger of speed
 r - a cursed +0 hunting sling
Missiles
 c - 13 poisoned needles
 f - 14 arrows of flame
 g - 2 throwing nets (quivered)
 h - 3 tomahawks
 i - 24 stones
 j - 45 bolts
 k - 32 sling bullets
 y - 11 steel sling bullets
Armour
 z - a +0 shield
Jewellery
 s - a cursed ring of loudness (left tentacle)
 t - an amulet of regeneration (around mantle)
 C - a ring of protection from fire (right tentacle)
Scrolls
 u - a scroll of teleportation
 x - a scroll of magic mapping {unknown}
 A - a scroll of enchant weapon {unknown}
Potions
 e - a potion of brilliance {unknown}
 l - a potion of flight
 o - a potion of invisibility {unknown}
 p - 3 potions of curing
 B - a potion of heal wounds {unknown}
Books
 w - a book of Changes
Comestibles
 d - 4 bread rations
 n - a meat ration
 v - 12 chunks of flesh


   Skills:
 - Level 2.0 Fighting
 + Level 4.5 Long Blades
 - Level 3.0 Dodging
 + Level 2.7 Stealth
 - Level 2.0 Shields


You had 3 spell levels left.
You didn't know any spells.

Dungeon Overview and Level Annotations

Branches:
Dungeon (3/15)

Altars:
Cheibriados

Annotations:
D:3 Eleanoora's ghost, weakling SpMo


Innate Abilities, Weirdness & Mutations

You cannot wear most types of armour.
You are amphibious.
You can wear up to eight rings at the same time.
You can use your tentacles to constrict eight enemies at once.
Your skin changes colour to match your surroundings (Stealth).
Your rubbery body absorbs attacks (AC +1).


Message History

You closely miss Eleanoora's ghost.
Eleanoora's ghost is lightly damaged.
Eleanoora's ghost hits you! Eleanoora's ghost hits you.
You are too injured to fight recklessly!
You barely miss Eleanoora's ghost.
Eleanoora's ghost is lightly damaged.
Eleanoora's ghost hits you. The rat bites you.
Drink which item? (? for menu, Esc to quit)
It was a potion of flight.
You feel very buoyant.
You fly up into the air.
The rat closely misses you. Eleanoora's ghost hits you!
* * * LOW HITPOINT WARNING * * *
Drink which item? (? for menu, Esc to quit)
It was a potion of resistance.
You feel protected. The rat bites you.
* * * LOW HITPOINT WARNING * * *
Eleanoora's ghost hits you!
You die...

#### .......## ... ........
. ... .......# .####'##
.......+ ......# ..
.......###. #....# ..
.........#.###.... #.#
.......# #.......####.##...
.......+ #......@W.........
.......####....#.r####.####
..######.....#.#..#..#.#
..# .........#.....#.# #.#
............#.##.# #.#
........##...))..# #+###
........###.##)###### ....#
........# #.#<......# ....#
........# #.#.#####.#


You could see Eleanoora's ghost and a rat.

Vanquished Creatures
  4 adders
  3 worms
  A giant gecko (D:2)
  4 orcs (D:3)
  4 bats
  4 giant cockroaches
  9 goblins
  8 hobgoblins
  7 kobolds
  2 giant newts
  7 rats
53 creatures vanquished.

Notes
Turn   | Place    | Note
--------------------------------------------------------------
     0 | D:1      | emikaela the Octopode Wanderer began the quest for the Orb.
     0 | D:1      | emikaela set off with: a +2 falchion, a +0 spear, a potion of curing, a bread ration
     0 | D:1      | Reached XP level 1. HP: 14/14 MP: 1/1
    63 | D:1      | Reached XP level 2. HP: 12/19 MP: 2/2
  1064 | D:2      | Reached XP level 3. HP: 22/24 MP: 3/3
  1207 | D:2      | Found a snail-covered altar of Cheibriados.
  1297 | D:2      | Became a worshipper of Cheibriados the Contemplative
  1451 | D:2      | Reached skill level 4 in Long Blades
  1702 | D:2      | You fall through a shaft!
  1738 | D:3      | Reached XP level 4. HP: 26/29 MP: 4/4
  2248 | D:2      | Acquired Cheibriados's first power
  2434 | D:3      | Noticed Eleanoora's ghost (weakling SpMo)
  2444 | D:3      | HP: 1/29 [rat (2)]
  2444 | D:3      | Mangled by Eleanoora's ghost

Vault maps used:
D:1:      minmay_arrival_semitransparent, kennysheep_decorative_pillar
D:2:      cheibriados_altar_1, serial_bayou_ford_a
D:3:      first_bread

Action                   |  1- 3 |  4- 6 || total
-------------------------+-------+-------++-------
Melee: Falchion          |    64 |    48 ||   112
  Use: Potion            |     1 |     2 ||     3
       Scroll            |       |     2 ||     2
 Stab: Sleeping          |     7 |     3 ||    10
  Eat: Chunk             |     3 |     2 ||     5
